 Dungeon Crawl Stone Soup version 0.22-a0-77-g0fd0111 (webtiles) character file.

231 KristoblXynda the Conjurer (level 5, -8/28 HPs)
             Began as a Deep Elf Conjurer on Jan 14, 2018.
             Killed by divine providence
             ... invoked by an orc priest
              (14 damage)
             ... on level 4 of the Dungeon.
             The game lasted 00:06:47 (3657 turns).

KristoblXynda the Conjurer (Deep Elf Conjurer)      Turns: 3657, Time: 00:06:48

Health: -8/28      AC:  4    Str:  5    XL:     5   Next: 73%
Magic:  3/15       EV: 13    Int: 21    God:
Gold:   205        SH:  0    Dex: 15    Spells: 12/16 levels left

rFire    . . .     SeeInvis .   o - +2 quarterstaff (chaos)
rCold    . . .     Gourm    .   (shield currently unavailable)
rNeg     . . .     Faith    .   a - +0 robe
rPois    +         Spirit   .   (no helmet)
rElec    .         Reflect  .   p - +0 cloak
rCorr    .         Harm     .   t - +0 pair of gloves
MR       .....                  (no boots)
Stlth    ++........             (no amulet)
HPRegen  0.09/turn              f - ring of poison resistance
MPRegen  0.14/turn              (no ring)

@: no status effects
A: no striking features
a: no special abilities


You were on level 4 of the Dungeon.
You were not hungry.

You visited 1 branch of the dungeon, and saw 4 of its levels.

You collected 205 gold pieces.

Inventory:

Hand Weapons
 o - a +2 quarterstaff of chaos (weapon)
Armour
 a - a +0 robe (worn)
 n - a +0 buckler
 p - a +0 cloak (worn)
 t - a +0 pair of gloves (worn)
Jewellery
 f - a ring of poison resistance (left hand)
Scrolls
 d - a scroll of enchant weapon {unknown}
 i - 2 scrolls of immolation
 j - 2 scrolls of fear {unknown}
 k - a scroll of remove curse {unknown}
 m - 4 scrolls of teleportation {unknown}
 q - a scroll of magic mapping {unknown}
Potions
 e - a potion of heal wounds {unknown}
 h - a potion of brilliance {unknown}
 l - 3 potions of curing {unknown}
 s - a potion of resistance {unknown}
Books
 b - a book of Conjurations

   Spells                             Type                      Level
   a - Magic Dart                     Conjuration                  1
   b - Searing Ray                    Conjuration                  2
   c - Dazzling Spray                 Conjuration/Hexes            3
   d - Fulminant Prism                Conjuration/Hexes            4
   e - Force Lance                    Conjuration/Translocation    4
   f - Iskenderun's Mystic Blast      Conjuration                  4
 r - a book of Cantrips

   Spells                             Type                      Level
   a - Confusing Touch                Hexes                        1
   b - Animate Skeleton               Necromancy                   1
   c - Summon Small Mammal            Summoning                    1
   d - Apportation                    Translocation                1
Comestibles
 c - 11 rations
 g - 2 chunks of flesh


   Skills:
 - Level 2.4 Dodging
 - Level 2.4 Stealth
 + Level 6.1 Spellcasting
 + Level 6.3 Conjurations


You had 12 spell levels left.
You knew the following spells:

 Your Spells              Type           Power        Failure   Level  Hunger
a - Magic Dart            Conj           ####         1%          1    None
b - Dazzling Spray        Conj/Hex       ###...       8%          3    ##.....


Dungeon Overview and Level Annotations

Branches:
Dungeon (4/15)
 Temple: D:4-7

Altars:


Message History

The orc priest is dazzled.
The orc priest closely misses you.
You barely miss the orc priest.
The orc priest is heavily wounded.
The orc closely misses you. The orc priest barely misses you.
You barely miss the orc priest.
The orc priest is heavily wounded.
The orc hits you but does no damage. The orc priest closely misses you.
You strike the helpless orc priest from behind!
You hit the orc priest.
The orc priest is severely wounded.
The orc priest is no longer blind.
The orc wizard hits you but does no damage.
The orc hits you from afar with a trident!
* * * LOW HITPOINT WARNING * * *
The orc priest barely misses you.
The orc wizard hits you but does no damage.
The orc priest calls down the wrath of Beogh upon you.
Beogh smites you!
Ouch! That really hurt!
You die...

.........####.
<........#...
............
w..........
........ .o.o.#
#o..# #.#.#
#†@.## ###
##...# ....
##.#.###..#
#..#.....#
##.##....##
.######..##.#..#
........###.##.#
..........#.##.#
.########......#


You could see a worm, an orc priest, an orc wizard and an orc.

Vanquished Creatures
  Crazy Yiuf (D:2)
  An orc wizard (D:4)
  A worker ant (D:4)
  4 adders
  2 oozes
  6 worms
  A dart slug (D:1)
  5 leopard geckos
  5 orcs
  A ball python (D:2)
  5 giant cockroaches
  11 hobgoblins
  5 jackals (D:2)
  10 kobolds
  2 quokkas (D:2)
  5 bats
  7 frilled lizards
  5 goblins
  5 rats
82 creatures vanquished.

Notes
Turn   | Place    | Note
-------+----------+-------------------------------------------
     0 | D:1      | KristoblXynda the Deep Elf Conjurer began the quest for the Orb.
     0 | D:1      | Reached XP level 1. HP: 10/10 MP: 6/6
   351 | D:1      | Reached XP level 2. HP: 15/15 MP: 1/8
  1031 | D:1      | Reached skill level 5 in Conjurations
  1031 | D:1      | Reached XP level 3. HP: 19/19 MP: 8/10
  1344 | D:1      | Learned a level 3 spell: Dazzling Spray
  1897 | D:2      | Reached XP level 4. HP: 23/24 MP: 8/12
  2136 | D:2      | Found a runed door.
  2545 | D:2      | Reached skill level 5 in Spellcasting
  2989 | D:2      | Noticed Crazy Yiuf
  2993 | D:2      | Killed Crazy Yiuf
  2993 | D:2      | Reached XP level 5. HP: 28/28 MP: 5/14
  3657 | D:4      | Killed from afar by an orc priest

Vault maps used:
D:1:      dpeg_arrival_renting
D:2:      uniq_crazy_yiuf_cottage
D:3:      serial_corexii_hall, corexii_hall_statues_l, corexii_hall_statues_u,
          corexii_hall_statues_s, corexii_hall_statues_l
D:4:      minmay_temple_entry_enclosed_plants, serial_shops, shop_fountains

Skill      XL: |  1  2  3  4  5 |
---------------+----------------+-----
Spellcasting   | 4 5 6 |  6.1
Conjurations   | 5 6 |  6.3
Dodging        | |  2.4
Stealth        | |  2.4

Action                   |  1- 3 |  4- 6 || total
-------------------------+-------+-------++-------
Melee: Dagger            |    11 |     8 ||    19
       Quarterstaff      |       |    10 ||    10
 Cast: Magic Dart        |    94 |   103 ||   197
       Dazzling Spray    |       |     3 ||     3
  Use: Scroll            |     1 |       ||     1
 Stab: Sleeping          |     1 |       ||     1
       Invisible         |       |     1 ||     1
  Eat: Chunk             |     3 |     5 ||     8
Armor: Robe              |     3 |     5 ||     8
Dodge: Dodged            |    10 |    12 ||    22

Table legend:
 A = Spawn XP
 B = Non-spawn XP
 C = Spawn XP percentage of total XP
 D = Spawn monster count
 E = Non-spawn monster count
 F = Spawn count percentage of total count
 G = Total turns spent on level
                    A         B        C        D         E        F      G
               +---------+---------+-------+---------+---------+-------+---------
         Total |       0 |     331 |   0.0 |       0 |      82 |   0.0 |  3657
               +---------+---------+-------+---------+---------+-------+---------
           D:1 |       0 |      50 |   0.0 |       0 |      25 |   0.0 |  1646
           D:2 |       0 |     152 |   0.0 |       0 |      36 |   0.0 |  1399
           D:3 |       0 |      51 |   0.0 |       0 |      15 |   0.0 |   558
           D:4 |       0 |      78 |   0.0 |       0 |       6 |   0.0 |    54
               +---------+---------+-------+---------+---------+-------+---------
